 Dungeon Crawl Stone Soup version 0.30-a0-715-gdb4ae3ece1 (webtiles) character file.

Game seed: 13013413080548699148

82049 drugrobin the Brawler (level 14, -1/129 HPs)
             Began as a Demigod Delver on Jan 23, 2023.
             Slain by a tentacle (13 damage)
             ... attached to a kraken
             ... on level 1 of the Shoals on Jan 24, 2023.
             The game lasted 01:31:01 (26120 turns).

drugrobin the Brawler (Demigod Delver)             Turns: 26120, Time: 01:31:01

Health: -1/129     AC: 20    Str: 21    XL:     14   Next: 88%
Magic:  30/30      EV: 15    Int: 28    God:
Gold:   1087       SH: 11    Dex: 19    Spells: 9/29 levels left

rFire   . . .      SeeInvis .      - Unarmed
rCold   . . .      Faith    .    M - +2 buckler {AC+3}
rNeg    . . .      Spirit   .    d - quicksilver dragon scales
rPois   .          Reflect  +    A - +1 hat {Will+}
rElec   .          Harm     .    T - +1 cloak of Starlight {*Dazzle EV+4 Stlth--}
rCorr   .          Rampage  .    y - +2 pair of gloves
Will    +++..                    X - +1 pair of boots Stlth
                                 n - amulet of reflection
HPRegen 0.41/turn                Y - +6 ring of intelligence
MPRegen 0.22/turn                I - +6 ring of intelligence

@: no status effects
A: high MP 1, forlorn, divine attributes
a: no special abilities


You were on level 1 of the Shoals.
You visited 5 branches of the dungeon, and saw 21 of its levels.
You also visited: Ossuary, Gauntlet and Ice Cave.

You collected 2625 gold pieces.
You spent 1538 gold pieces at shops.

Inventory:

Hand Weapons
 b - a +3 sling of electrocution
 c - a +1 whip of venom
Missiles
 x - 47 poisoned darts
 D - 7 silver javelins (quivered)
 J - 7 throwing nets
Armour
 d - quicksilver dragon scales (worn)
 y - a +2 pair of gloves (worn)
 z - a +1 leather armour of resistance
 A - a +1 hat of willpower (worn)
 M - a +2 buckler of protection (worn)
 T - the +1 cloak of Starlight (worn) {*Dazzle EV+4 Stlth--}
   (You found it on level 1 of the Shoals)

   *Dazzle:   It may blind those who miss an attack against the wearer in melee
   combat.
   EV:        It affects your evasion (+4).
   Stlth:     It makes you much less stealthy.
 X - a +1 pair of boots (worn)
 Z - a +0 troll leather armour
Magical Staves
 C - a staff of poison
 F - a staff of air
Jewellery
 a - a ring of willpower
 n - an amulet of reflection (around neck)
 I - a +6 ring of intelligence (right hand)
 Y - a +6 ring of intelligence (left hand)
Wands
 f - a wand of digging (9)
 i - a wand of paralysis (20)
 w - a wand of flame (2)
 E - a wand of polymorph (2)
 O - a wand of quicksilver (6)
 R - a wand of roots (12)
 S - a wand of mindburst (3)
Scrolls
 h - 16 scrolls of teleportation
 k - 4 scrolls of magic mapping
 m - 5 scrolls of blinking
 q - 2 scrolls of vulnerability
 r - 5 scrolls of immolation
 B - a scroll of butterflies
 K - a scroll of silence
 N - 5 scrolls of poison
 Q - 3 scrolls of fear
Potions
 e - 12 potions of curing
 g - 4 potions of ambrosia
 j - a potion of invisibility
 o - 7 potions of attraction
 p - a potion of resistance
 s - 6 potions of heal wounds
 t - 8 potions of haste
 u - 6 potions of lignification
 G - 2 potions of cancellation
 L - 7 potions of might
 V - 3 potions of berserk rage
Miscellaneous
 H - a phantom mirror
 U - a tin of tremorstones (1/2)
 W - a condenser vane


   Skills:
 + Level 13.0 Fighting
 + Level 1.8 Dodging
 - Level 4.5 Stealth
 - Level 20.0 Unarmed Combat
 - Level 8.0 Spellcasting


You had 9 spell levels left.
You knew the following spells:

 Your Spells              Type           Power      Damage    Failure   Level
a - Summon Small Mammal   Summ           44%        N/A       11%         1
b - Call Canine Familiar  Summ           11%        N/A       32%         3
c - Ozocubu's Armour      Ice            11%        N/A       32%         3
d - Summon Guardian Gole  Hex/Summ       11%        N/A       32%         3
e - Inner Flame           Hex/Fire       11%        N/A       32%         3
f - Cause Fear            Hex            5%         N/A       73%         4
g - Kindle Blastsparks    Fire/Tloc/Air  22%        2d11      32%         3

Your spell library contained the following spells:

 Spells                   Type           Power      Damage    Failure   Level
 Lesser Beckoning         Tloc           22%        N/A       17%         2
 Static Discharge         Conj/Air       22%        2-3/arc   17%         2
 Gell's Gravitas          Tloc           11%        N/A       32%         3
 Teleport Other           Tloc           11%        N/A       32%         3
 Summon Lightning Spire   Summ/Air       11%        N/A       73%         4
 Iskenderun's Battlesphe  Conj           11%        2d7       97%         5
 Metabolic Englaciation   Hex/Ice        5%         N/A       97%         5
 Iron Shot                Conj/Erth      5%         9d2       100%        6
 Simulacrum               Ice/Necr       5%         N/A       100%        6
 Ozocubu's Refrigeration  Ice            5%         4d8       100%        7
 Spellforged Servitor     Conj/Summ      5%         N/A       100%        7
 Storm Form               Tmut/Air       5%         N/A       100%        7
 Discord                  Hex            5%         N/A       100%        8


Dungeon Overview and Level Annotations

Branches:
Dungeon (12/15)            Temple (0/1) D:6            Lair (5/5) D:11
 Shoals (1/4) Lair:2       Spider (0/4) Lair:2        Slime (0/5) Lair:4
    Orc (2/2) D:12            Elf (1/3) Orc:2       Ossuary (visited)
  IceCv (visited)         Gauntlet (visited)

Shops:
D:2 (   D:10 !(!=   D:11 =   Orc:1 *   Orc:2 ?!?[

Annotations:
Lair:4 3 runed translucent doors, flotson's ghost, journeyman DsDe
Shoals:1 1 runed translucent door
Orc:2 exclusion: downstairs
Elf:1 Zenata


Innate Abilities, Weirdness & Mutations

You have an increased reservoir of magic. (+10% MP)
You shall have no god before yourself.
Your divine heritage dramatically boosts your attributes as you level up.


Message History

The tentacle closely misses you. You block the tentacle's attack.
You closely miss the tentacle. The tentacle barely misses you.
The tentacle slaps you but does no damage.
A tentacle comes into view.
Unknown command.
You punch the tentacle!
The tentacle is lightly wounded.
You block the tentacle's attack. The tentacle slaps you.
The tentacle slaps you! x2
Unknown command.
Unknown command.
You punch the tentacle!
The tentacle is heavily wounded.
You block the tentacle's attack. The tentacle slaps you.
The tentacle slaps you!
* * * LOW HITPOINT WARNING * * *
Unknown command.
Unknown command.
Unknown command.
Unknown command.
Unknown command.
Unknown command.
Unknown command.
You strike the helpless tentacle from behind!
You punch the tentacle!
The tentacle is almost dead.
The tentacle barely misses you. You block the tentacle's attack. x2
Unknown command.
Unknown command.
Unknown command.
Unknown command.
Unknown command.
You closely miss the tentacle.
The tentacle is almost dead.
The tentacle slaps you.
* * * LOW HITPOINT WARNING * * *
The tentacle slaps you!
* * * LOW HITPOINT WARNING * * *
The tentacle slaps you!
You die...

~~~~~≈≈≈~~.....# ~~~~~
≈≈≈≈≈≈≈≈≈~~....# ~~~~.
≈≈≈≈≈≈≈≈≈~~...)##
~~~~~
≈≈≈≈≈≈≈≈≈~~.....#
~~~~~ ≈≈≈≈~..>..[#
≈≈≈~~ ≈≈≈~..Λ...##
.~≈≈≈~ ≈≈≈~~~~\Λ..#
~.~≈≈≈≈ ≈≈≈≈~~./\w##
.~~~≈≈≈≈ ≈≈≈X~*/.÷w@##
..~~ ≈≈≈≈
≈≈≈≈~*\.###w# ##...~≈
≈≈≈≈~...###│###....~~≈
≈≈≈≈~~...##│.....~~~≈≈
≈≈≈≈~~....─.....~~~≈≈≈
≈≈≈≈~~~~....~~~~~~≈≈≈≈
≈≈≈≈≈~~~~~~~~~~~≈≈≈≈≈≈
≈≈≈≈≈≈~~~~~~~≈≈≈≈≈≈≈≈≈
≈≈≈≈≈≈≈≈≈≈≈≈≈≈≈≈≈X≈≈≈≈


You could see a kraken and 3 tentacles.

Vanquished Creatures
  Gastronok (Lair:2)
  A minotaur (Gauntlet)
  A merfolk impaler (Shoals:1)
  A merfolk javelineer (Shoals:1)
  Harold (Lair:2)
  5 hydras (Lair:5)
  A catoblepas (Lair:5)
  3 boulder beetles
  2 centaur warriors (D:8)
  A two-headed ogre (D:10)
  8 death yaks
  A tengu warrior (D:8)
  Urug (Orc:1)
  Nergalle (D:11)
  2 deep elf knights
  A sea snake (Shoals:1)
  A bog body (IceCv)
  2 lindwurms (Lair:5)
  4 deep elf pyromancers
  An orc knight (Orc:2)
  A deep elf archer (Orc:2)
  5 harpies (Shoals:1)
  2 deep elf zephyrmancers (Elf:1)
  A faun (Shoals:1)
  2 oklob plants
  An orc sorcerer (Orc:2)
  4 ugly things
  A necromancer (IceCv)
  6 manticores
  3 cyclopes
  A rust devil (Gauntlet)
  3 black mambas
  2 apocalypse crabs (Shoals:1)
  2 torpor snails
  12 cane toads
  3 ice statues
  2 gargoyles
  A smoke demon (Gauntlet)
  A water nymph (Shoals:1)
  5 rime drakes
  4 ice devils (IceCv)
  A komodo dragon (shapeshifter) (D:8)
  A freezing wraith (IceCv)
  An anaconda simulacrum (IceCv)
  13 komodo dragons
  2 merfolk (Shoals:1)
  3 hornets
  4 trolls
  A polar bear (D:12)
  12 blink frogs
  2 wind drakes (Shoals:1)
  15 dream sheep
  A snapping turtle (Lair:2)
  2 culicivoras (Lair:2)
  A centaur simulacrum (D:12)
  6 dire elephant simulacra (IceCv)
  Sigmund (D:5)
  A ynoxinul (Gauntlet)
  56 yaks
  A wraith (D:11)
  5 wyverns
  5 basilisks
  Grum (D:10)
  A warg (Orc:1)
  2 vampire mosquitoes (D:11)
  3 harpy simulacra
  4 acid dragons
  A hydra simulacrum (IceCv)
  30 orc warriors
  16 water moccasins
  3 ice beasts
  2 sky beasts (D:7)
  3 black bears
  3 ogres
  20 centaurs
  25 wolves
  A phantom (D:6)
  7 nameless horrors
  3 kobold brigands
  12 bullfrogs
  3 gnoll sergeants
  16 scorpions
  2 necrophages
  3 wights (D:10)
  An elephant simulacrum (IceCv)
  8 killer bees
  3 howler monkeys (D:7)
  6 electric eels
  3 crimson imps (Gauntlet)
  4 jellies
  3 hounds
  6 orc priests
  A gnoll bouda (D:7)
  4 human zombies (Ossuary)
  3 iron imps (Gauntlet)
  8 iguanas
  23 orc wizards
  7 hell rats (Lair:2)
  A polar bear simulacrum (IceCv)
  5 scorpion zombies (Ossuary)
  A spriggan simulacrum (IceCv)
  A wolf simulacrum (IceCv)
  3 mummies (Ossuary)
  27 gnolls
  4 adders
  2 white imps (D:6)
  An ufetubus (IceCv)
  2 worms
  2 dart slugs
  60 orcs
  10 bats
  5 endoplasms
  4 giant cockroaches
  4 gnoll zombies (Ossuary)
  8 goblins
  4 hobgoblins
  4 jackals (D:4)
  18 kobolds
  2 quokkas (D:4)
  7 ball pythons
  4 frilled lizards
  2 goblin zombies
  A hobgoblin zombie (Ossuary)
  3 kobold zombies (Ossuary)
  3 orc zombies (Ossuary)
  A quokka zombie (D:4)
  4 rats
  4 tentacles (Shoals:1)
673 creatures vanquished.

Vanquished Creatures (collateral kills)
  A blink frog (Lair:3)
  An orc wizard (Orc:1)
  2 orcs
4 creatures vanquished.

Vanquished Creatures (others)
  52 fungi
  105 plants
  12 tentacles (Shoals:1)
169 creatures vanquished.

Grand Total: 846 creatures vanquished

Notes
Turn   | Place    | Note
-------+----------+-------------------------------------------
     0 | D:5      | drugrobin the Demigod Delver began the quest for the Orb.
     0 | D:5      | Reached XP level 1. HP: 18/18 MP: 3/3
   118 | D:4      | Reached skill level 2 in Unarmed Combat
   135 | D:4      | Noticed an orc wizard
   185 | D:4      | Found a sand-covered staircase.
   192 | Ossuary  | Entered an ossuary
   200 | Ossuary  | Noticed a scorpion
   207 | Ossuary  | Killed a scorpion
   208 | Ossuary  | Reached skill level 3 in Unarmed Combat
   208 | Ossuary  | Reached XP level 2. HP: 22/25 MP: 4/4
   208 | Ossuary  | Reached XP level 3. HP: 27/30 MP: 5/5
   232 | Ossuary  | Noticed a scorpion
   240 | Ossuary  | Killed a scorpion
   241 | Ossuary  | Reached skill level 4 in Unarmed Combat
   241 | Ossuary  | Reached XP level 4. HP: 37/37 MP: 6/6
   328 | Ossuary  | Reached skill level 5 in Unarmed Combat
   328 | Ossuary  | Reached XP level 5. HP: 10/42 MP: 7/7
   609 | Ossuary  | Reached skill level 6 in Unarmed Combat
   609 | Ossuary  | Reached XP level 6. HP: 31/50 MP: 8/8
  1093 | Ossuary  | Reached skill level 7 in Unarmed Combat
  1262 | Ossuary  | Reached XP level 7. HP: 18/56 MP: 9/9
  1432 | Ossuary  | Reached skill level 8 in Unarmed Combat
  1690 | D:4      | Identified the +1 robe "Ryxtyeq" {Regen+ Str-4 Dex+2}
  1729 | D:4      | Reached skill level 9 in Unarmed Combat
  2614 | D:2      | Found Tiodaxko's Weapon Shop.
  3060 | D:3      | Reached XP level 8. HP: 62/62 MP: 10/10
  4110 | D:5      | Reached skill level 10 in Unarmed Combat
  4134 | D:5      | Noticed Sigmund
  4141 | D:5      | Killed Sigmund
  5156 | D:6      | Reached skill level 11 in Unarmed Combat
  5358 | D:6      | Identified the +5 hand axe of Uncertain Death {drain, rN+
                  | Will+}
  5449 | D:6      | Found a staircase to the Ecumenical Temple.
  5532 | D:6      | Reached XP level 9. HP: 51/70 MP: 11/11
  5976 | D:7      | Reached skill level 12 in Unarmed Combat
  6203 | D:7      | Reached skill level 5 in Fighting
  6512 | D:7      | Learned a level 1 spell: Summon Small Mammal
  7041 | D:8      | Reached XP level 10. HP: 45/83 MP: 13/13
  7106 | D:8      | Noticed a boulder beetle
  7471 | D:9      | Reached skill level 13 in Unarmed Combat
  7734 | D:8      | Noticed a centaur warrior
  7750 | D:8      | Killed a centaur warrior
  7825 | D:8      | Noticed a tengu warrior
  8740 | D:8      | Reached skill level 14 in Unarmed Combat
  8786 | D:8      | Noticed a centaur warrior
  8795 | D:8      | Killed a centaur warrior
  8832 | D:8      | Noticed a cyclops
  8835 | D:8      | Noticed a white ugly thing
  8837 | D:8      | Noticed a red ugly thing
  8846 | D:8      | Killed a red ugly thing
  8849 | D:8      | Killed a tengu warrior
  8852 | D:8      | Killed a red ugly thing
  8853 | D:8      | Reached XP level 11. HP: 11/92 MP: 14/14
  9077 | D:8      | Killed a boulder beetle
  9388 | D:10     | Entered Level 10 of the Dungeon
  9388 | D:10     | Noticed a two-headed ogre
  9397 | D:10     | Killed a two-headed ogre
  9577 | D:10     | Found Weefiv's Jewellery Boutique.
  9583 | D:10     | Found Reghuf's Distillery.
  9644 | D:10     | Reached skill level 15 in Unarmed Combat
  9719 | D:10     | Bought a potion of might for 48 gold pieces
  9719 | D:10     | Bought a potion of lignification for 36 gold pieces
  9719 | D:10     | Bought a potion of curing for 36 gold pieces
  9719 | D:10     | Bought a potion of berserk rage for 60 gold pieces
  9719 | D:10     | Bought a potion of flight for 36 gold pieces
  9719 | D:10     | Bought a potion of mutation for 96 gold pieces
  9776 | D:10     | Noticed Grum
  9796 | D:10     | Killed Grum
 10152 | D:10     | Found Yfathiox's Distillery.
 10643 | D:10     | Found Oceoriatt's Weapon Shop.
 10650 | D:10     | Bought a throwing net for 45 gold pieces
 10650 | D:10     | Bought 3 datura-tipped darts for 40 gold pieces
 11135 | D:11     | Found Neikk's Jewellery Boutique.
 11425 | D:11     | Reached skill level 16 in Unarmed Combat
 11557 | D:11     | Noticed a boulder beetle
 11574 | D:11     | Killed a boulder beetle
 11717 | D:11     | Noticed Nergalle
 11742 | D:11     | Killed Nergalle
 11743 | D:11     | Reached XP level 12. HP: 77/105 MP: 12/15
 11933 | D:11     | Found a staircase to the Lair.
 12085 | Lair:1   | Entered Level 1 of the Lair of Beasts
 12208 | Lair:1   | Learned a level 3 spell: Call Canine Familiar
 12212 | Lair:1   | Learned a level 3 spell: Ozocubu's Armour
 12216 | Lair:1   | Learned a level 3 spell: Summon Guardian Golem
 12439 | Lair:1   | Reached skill level 1 in Spellcasting
 13259 | Lair:2   | Noticed Gastronok
 13341 | Lair:2   | Reached skill level 10 in Fighting
 13913 | Lair:1   | Reached skill level 17 in Unarmed Combat
 14048 | Lair:2   | Found a staircase to the Shoals.
 14331 | Lair:2   | Killed Gastronok
 14480 | Lair:2   | Noticed Harold
 14495 | Lair:2   | Killed Harold
 14563 | Lair:2   | Found a hole to the Spider Nest.
 14875 | Lair:3   | Noticed a boulder beetle
 14903 | Lair:3   | Killed a boulder beetle
 15119 | Lair:3   | Reached XP level 13. HP: 103/114 MP: 14/23
 15491 | Lair:3   | Identified the +5 chain mail of Wu Jian's Condemnation {rC-
                  | Str+3 Int+6}
 16183 | Lair:4   | Found a staircase to the Slime Pits.
 16240 | Lair:4   | Learned a level 3 spell: Inner Flame
 16409 | Lair:4   | Reached skill level 18 in Unarmed Combat
 16491 | Lair:4   | Reached skill level 5 in Spellcasting
 16704 | Lair:4   | Found a runed translucent gate.
 16704 | Lair:4   | Found a runed translucent gate.
 16705 | Lair:4   | Found a runed translucent gate.
 16705 | Lair:4   | Noticed flotson's ghost (journeyman DsDe)
 17165 | Lair:5   | Entered Level 5 of the Lair of Beasts
 19188 | Lair:5   | Reached XP level 14. HP: 69/125 MP: 27/27
 19586 | D:12     | Found a frozen archway.
 19624 | IceCv    | Entered an ice cave
 19884 | IceCv    | Reached skill level 19 in Unarmed Combat
 20929 | D:12     | Found a staircase to the Orcish Mines.
 20952 | Orc:1    | Entered Level 1 of the Orcish Mines
 20956 | Orc:1    | Noticed Urug
 20978 | Orc:1    | Killed Urug
 21071 | Orc:1    | Found Jiycs's Gadget Gallery.
 21315 | Orc:2    | Entered Level 2 of the Orcish Mines
 21403 | Orc:2    | Found a gate leading to a gauntlet.
 21541 | Gauntlet | Entered a Gauntlet
 21542 | Gauntlet | Found a transporter.
 21560 | Gauntlet | Found a transporter.
 21564 | Gauntlet | Found a transporter.
 21577 | Gauntlet | Found a transporter.
 21591 | Gauntlet | Found a transporter.
 21600 | Gauntlet | Found a transporter.
 21608 | Gauntlet | Found a transporter.
 21627 | Gauntlet | Found a transporter.
 21634 | Gauntlet | Found a transporter.
 21652 | Gauntlet | Found a transporter.
 21660 | Gauntlet | Found a transporter.
 21680 | Gauntlet | Found a transporter.
 21879 | Gauntlet | Learned a level 4 spell: Cause Fear
 22045 | Gauntlet | Identified the ring "Erryum" {*Slow +Blink rN++ Int+6}
 22121 | Gauntlet | Identified the +9 battleaxe "Jahoycs" {freeze, Dex+3}
 22443 | Gauntlet | Got the Handbook of Air
 22515 | Orc:2    | Found a staircase to the Elven Halls.
 23323 | Elf:1    | Entered Level 1 of the Elven Halls
 23471 | Elf:1    | Noticed Zenata
 23780 | Orc:2    | Found Utziph's Distillery.
 23780 | Orc:2    | Found Cagel's Magic Scroll Shop.
 23781 | Orc:2    | Found Omaig's Armour Boutique.
 23783 | Orc:2    | Found Vih Zaumoru's Magic Scroll Shoppe.
 23788 | Orc:2    | Bought a scroll of brand weapon for 152 gold pieces
 23799 | Orc:2    | Bought a potion of curing for 51 gold pieces
 23799 | Orc:2    | Bought a potion of lignification for 51 gold pieces
 23799 | Orc:2    | Bought a potion of heal wounds for 85 gold pieces
 23799 | Orc:2    | Bought a potion of heal wounds for 85 gold pieces
 23799 | Orc:2    | Bought a potion of berserk rage for 85 gold pieces
 23800 | Orc:2    | Bought a scroll of immolation for 64 gold pieces
 23800 | Orc:2    | Bought a scroll of brand weapon for 152 gold pieces
 23800 | Orc:2    | Bought a scroll of blinking for 120 gold pieces
 23800 | Orc:2    | Bought 2 scrolls of fear for 128 gold pieces
 23800 | Orc:2    | Bought a scroll of teleportation for 48 gold pieces
 23800 | Orc:2    | Bought a scroll of blinking for 120 gold pieces
 24107 | Shoals:1 | Entered Level 1 of the Shoals
 24939 | Shoals:1 | Found a runed translucent door.
 25528 | Shoals:1 | Reached skill level 20 in Unarmed Combat
 25533 | Shoals:1 | Learned a level 3 spell: Kindle Blastsparks
 25595 | Shoals:1 | Found the +1 cloak of Starlight {*Dazzle EV+4 Stlth--}
 25804 | Shoals:1 | Noticed a kraken
 26120 | Shoals:1 | Slain by a tentacle

Illustrated notes

Levels and vault maps discovered:
D:1:      spicycebolla_arrival_ecumenical, layout_rooms
D:2:      layout_loops_cross, serial_shops, nicolae_shop_bloodbath_and_beyond
D:3:      layout_loops_cross
D:4:      layout_rooms, zin_treasury, bloody_makhleb,
          mainiacjoe_overflow_alcove_1, enter_ossuary_4, chequers_jeans
D:5:      layout_basic, uniq_sigmund
D:6:      layout_rooms, minmay_temple_entry_drinking_statues,
          hangedman_decor_clover_reticule, nicolae_fountain_basement
D:7:      layout_basic, mainiacjoe_overflow_divided_tiny
D:8:      hangedman_cross_veins, layout_loops_corners,
          mainiacjoe_overflow_24_doors, roderic_nine_men_s_morris, st_stairs_1,
          hangedman_glass_teeth, minivault_14, nrook_loot_triangle
D:9:      layout_basic
D:10:     layout_stronghold, serial_shops, nicolae_take_the_stairs, shop,
          nicolae_square_shop, nicolae_shop_statue_plus, uniq_grum
D:11:     layout_rooms, lair_entry_dummy, serial_shops, shop, uniq_nergalle
D:12:     layout_roguey, orc_0_dummy, serial_ice, serial_ice_j, serial_ice_d,
          serial_ice_g, serial_ice_c, serial_ice_h, serial_ice_a, serial_ice_o,
          serial_ice_n, portal_ice_cave_entry_pillars_2
Lair:1:   layout_gridlike, serial_bayou_lake_a
Lair:2:   layout_regular_city, minmay_shoals_entry_centaurs,
          hellmonk_spider_entry_life_and_decay, uniq_harold, uniq_gastronok
Lair:3:   layout_misc_corridors, serial_bayou_lagoon_b, serial_bayou_shore_b,
          grunt_megastairs_3, serial_bayou_shore_b, infiniplex_staircase_pool_2
Lair:4:   layout_roguey, nicolae_slime_entry_field_trip,
          gammafunk_ghost_hydra_chop, grunt_megastairs_4
Lair:5:   hangedman_lair_in_review, layout_long_grid, serial_bayou_shore_b
Shoals:1: layout_shoals, nicolae_shoals_abyss_on_the_beach
Orc:1:    layout_caves, nicolae_shop_gadgets, uniq_urug
Orc:2:    st_orc_rangers, layout_diamond_mine, gauntlet_entry_generic
Elf:1:    eino_elf_arrival_the_gate, layout_loops_corners, orc_legates,
          minmay_crystal_room, small_chamber_with_monster, uniq_jorgrun,
          uniq_zenata

Skill      XL: |  1  2  3  4  5  6  7  8  9 10 11 12 13 14 |
---------------+-------------------------------------------+-----
Unarmed Combat | 3 4 5 6 7 9 11 12 14 16 17 18 20 | 20.0
Fighting       | 3 5 7 9 10 11 13 | 13.0
Spellcasting   | 4 6 8 |  8.0
Dodging        | |  1.8
Stealth        | |  4.5

Action                     |  1- 3 |  4- 6 |  7- 9 | 10-12 | 13-15 || total
---------------------------+-------+-------+-------+-------+-------++-------
  Melee: Unarmed           |    16 |   132 |   568 |   709 |   953 ||  2378
         Punch             |     1 |     2 |    46 |    94 |    77 ||   220
         Staff             |       |       |       |     3 |       ||     3
         Whip              |       |       |       |    12 |     9 ||    21
   Fire: Arbalest          |    10 |    33 |    30 |    20 |       ||    93
         Shortbow          |       |       |       |     8 |    12 ||    20
         Sling             |       |       |       |       |    23 ||    23
  Throw: Boomerang         |       |       |    45 |    25 |    54 ||   124
         Dart              |       |       |    13 |    27 |     1 ||    41
         Throwing net      |       |       |       |     3 |       ||     3
         Javelin           |       |       |       |       |     3 ||     3
   Cast: Summon Small Mamm |       |       |     5 |    28 |    14 ||    47
         Ozocubu's Armour  |       |       |       |     6 |     7 ||    13
         Call Canine Famil |       |       |       |     4 |    21 ||    25
         Inner Flame       |       |       |       |       |     5 ||     5
         Summon Guardian G |       |       |       |       |     2 ||     2
  Evoke: Tin of tremorston |       |       |       |     3 |     3 ||     6
         Wand              |       |       |       |     4 |    12 ||    16
         Condenser vane    |       |       |       |     1 |     1 ||     2
         Phantom mirror    |       |       |       |       |     1 ||     1
    Use: Scroll            |     2 |       |       |    21 |     6 ||    29
         Potion            |     1 |       |       |     2 |     4 ||     7
   Stab: Sleeping          |       |       |    10 |     2 |     6 ||    18
         Distracted        |       |       |     1 |     3 |     3 ||     7
         Confused          |       |       |       |    10 |       ||    10
         Held in net/web   |       |       |       |     5 |       ||     5
         Invisible         |       |       |       |       |     7 ||     7
 Armour: Leather armour    |     5 |    13 |   110 |    35 |     2 ||   165
         Scale mail        |       |       |    76 |     1 |     8 ||    85
         Acid dragon scale |       |       |       |    65 |     1 ||    66
         Troll leather arm |       |       |       |    85 |   123 ||   208
         Quicksilver drago |       |       |       |       |   124 ||   124
  Dodge: Dodged            |    15 |    52 |   266 |   309 |   385 ||  1027
  Block: Other             |       |       |       |    67 |   100 ||   167
         Reflection        |       |       |       |     4 |    50 ||    54
         Buckler           |       |       |       |       |   168 ||   168

Table legend: (Time is in decaauts)
 A = Elapsed time spent in this place.
 B = Non-inter-level travel time spent in this place.
 C = Inter-level travel time spent in this place.
 D = Time resting spent in this place.
 E = Time spent auto-exploring this place.
 F = Levels seen in this place.
 G = Mean time per level.
                   A        B        C        D        E       F      G
               +--------+--------+--------+--------+--------+-----+--------+
         Total |  25646 |  24135 |   1511 |   5149 |  11663 |  24 | 1068.6 |
       Dungeon |  10872 |   9891 |    981 |   1026 |   5953 |  12 |  906.0 |
          Lair |   7944 |   7537 |    407 |   1700 |   3841 |   5 | 1588.8 |
        Shoals |   1407 |   1407 |      0 |    637 |    319 |   1 | 1407.0 |
  Orcish Mines |   1954 |   1833 |    121 |    310 |    944 |   2 |  977.0 |
   Elven Halls |    113 |    113 |      0 |     91 |      0 |   1 |  113.0 |
       Ossuary |   1390 |   1390 |      0 |    798 |    132 |   1 | 1390.0 |
      Ice Cave |   1038 |   1038 |      0 |    284 |    305 |   1 | 1038.0 |
      Gauntlet |    925 |    925 |      0 |    303 |    168 |   1 |  925.0 |
               +--------+--------+--------+--------+--------+-----+--------+

Top non-repeatable levels by time:
  Lair:2: 2285 daAuts
     D:8: 1882 daAuts
  Lair:5: 1785 daAuts
  Lair:4: 1626 daAuts
Shoals:1: 1407 daAuts
    D:10: 1392 daAuts
 Ossuary: 1390 daAuts
   Orc:2: 1312 daAuts
  Lair:1: 1127 daAuts
  Lair:3: 1119 daAuts
     D:5: 1051 daAuts
     D:9: 1050 daAuts
   IceCv: 1038 daAuts
    D:11: 971 daAuts
Gauntlet: 925 daAuts
